 Dungeon Sprint DCSS version 0.30.1-9-gdf580d7c3d (webtiles) character file.

Game seed: 11732332562610880719

108 Heoruswealwe the Spear-Bearer (level 4, -7/45 HPs)
             Began as a Minotaur Fighter on Oct 4, 2023.
             Mangled by an iguana (9 damage)
             ... in the Dungeon (Sprint IX: "|||||||||||||||||||||||||||||").
             The game lasted 00:00:53 (61 turns).

Heoruswealwe the Spear-Bearer (Minotaur Fighter)      Turns: 61, Time: 00:00:53

Health: -7/45      AC:  7    Str: 22    XL:     4   Next: 58%
Magic:  3/3        EV:  9    Int:  5    God:
Gold:   0          SH:  4    Dex: 10    Spells: 3/3 levels left

rFire   . . .        a - +0 trident
rCold   . . .        d - +0 buckler
rNeg    . . .        c - +0 scale mail
rPois   .            (helmet restricted)
rElec   .            (no cloak)
rCorr   .            (no gloves)
SInv    .            (no boots)
Will    .....        (no amulet) Stlth
                     (no ring)
HPRegen 0.27/turn    (no ring)
MPRegen 0.08/turn

%: no teleportation
@: no status effects
A: horns 2, retaliatory headbutt
a: no special abilities


You were in the Dungeon.
You visited 1 branch

Inventory:

Hand Weapons
 a - a +0 trident (weapon)
Armour
 c - a +0 scale mail (worn)
 d - a +0 buckler (worn)
Scrolls
 j - a scroll of blinking
Potions
 b - a potion of might
 e - a potion of curing
 g - a potion of haste
 i - a potion of berserk rage


   Skills:
 + Level 6.5 Fighting
 * Level 8.1 Polearms
 + Level 6.5 Armour
 - Level 3.6 Shields


You had 3 spell levels left.
You didn't know any spells.
Your spell library was empty.

Dungeon Overview and Level Annotations

Branches:
Dungeon (1/1)

Altars:


Innate Abilities, Weirdness & Mutations

You have a pair of horns on your head.
You reflexively headbutt those who attack you in melee.


Message History

You hit the iguana but do no damage.
The iguana is heavily wounded.
You block the iguana's attack.
The howler monkey hoots and howls with incredible vigour!
You closely miss the iguana. You headbutt the iguana!
You kill the iguana!
Your Polearms skill increases to level 7!
You have reached level 4!
You feel agile.
You barely miss the howler monkey.
The howler monkey hoots and howls with incredible vigour!
You hit the howler monkey but do no damage.
You headbutt the howler monkey!
The howler monkey is severely wounded.
The howler monkey completely misses you.
You barely miss the howler monkey.
The howler monkey is severely wounded.
The howler monkey hoots and howls with incredible vigour!
You puncture the howler monkey!
You kill the howler monkey!
Your Fighting skill increases to level 6!
Your Polearms skill increases to level 8!
Your Armour skill increases to level 6!
You barely miss the iguana. The iguana bites you!
* * * LOW HITPOINT WARNING * * *
You hit the iguana but do no damage. The iguana bites you.
* * * LOW HITPOINT WARNING * * *
You hit the iguana.
You headbutt the iguana, but do no damage.
The iguana is lightly wounded.
The iguana barely misses you.
You hit the iguana.
The iguana is heavily wounded.
You block the iguana's attack.
You barely miss the iguana. Your headbutt misses the iguana.
The iguana is heavily wounded.
You puncture the iguana!
The iguana is almost dead.
The iguana bites you!
You die...

▓+▓
▓.▓
▓.▓
▓.▓
▓.▓
▓.▓
▓l▓
▓@▓
▓.▓
▓.▓
▓†▓
▓.▓
▓)▓
▓.▓
▓!▓
▓.▓


You could see an iguana.

Vanquished Creatures
  A howler monkey (D)
  A gnoll bouda (D)
  An iguana (D)
  An adder (D)
  A dart slug (D)
  A giant cockroach (D)
  A hobgoblin (D)
  A kobold (D)
  A rat (D)
9 creatures vanquished.

Notes
Turn   | Place    | Note
-------+----------+-------------------------------------------
     0 | D        | Heoruswealwe the Minotaur Fighter began the quest for the
                  | Orb.
     0 | D        | Reached XP level 1. HP: 19/19 MP: 0/0
     8 | D        | Reached skill level 3 in Polearms
    18 | D        | Reached skill level 4 in Polearms
    26 | D        | Noticed an iguana
    26 | D        | Noticed a howler monkey
    26 | D        | Noticed an iguana
    26 | D        | Noticed a gnoll bouda
    40 | D        | Killed a gnoll bouda
    41 | D        | Reached skill level 5 in Fighting
    41 | D        | Reached skill level 5 in Polearms
    41 | D        | Reached skill level 5 in Armour
    41 | D        | Reached XP level 2. HP: 17/29 MP: 1/1
    41 | D        | Reached XP level 3. HP: 21/36 MP: 2/2
    45 | D        | Reached skill level 6 in Polearms
    52 | D        | Reached skill level 7 in Polearms
    52 | D        | Reached XP level 4. HP: 16/44 MP: 3/3
    56 | D        | Reached skill level 8 in Polearms
    57 | D        | HP: 1/45 [iguana (6)]
    61 | D        | Mangled by an iguana

Illustrated notes

Levels and vault maps discovered:
D:        linesprint [early_d, line_temple, items_1, d_10, items_2, lair_1,
          lair_end, items_3, orc_1, orc_end, items_4, d_15, swamp_1, shoals_1,
          snake_1, spider_1, d_20, vaults_1, items_5, swamp_end, shoals_end,
          snake_end, spider_end, vaults_end, d_27, items_6, zot_1, zot_end,
          crypt_end, forest_end, elf_end, slime_end, tomb_end, abyss_end,
          pan_hell_end]

Skill      XL: |  1  2  3  4 |
---------------+-------------+-----
Polearms       | 5 7 8 |  8.1
Fighting       | 5 6 |  6.5
Armour         | 5 6 |  6.5
Shields        | |  3.6

Action                     |  1- 3 |  4- 6 || total
---------------------------+-------+-------++-------
  Melee: Trident           |    35 |    10 ||    45
         Headbutt          |     6 |     2 ||     8
    Use: Potion            |     1 |       ||     1
 Armour: Scale mail        |    12 |       ||    12
  Dodge: Dodged            |    10 |     2 ||    12
  Block: Buckler           |     6 |     1 ||     7
